[Event "ESTCC U65 2018"]
[Site "Walbrzych"]
[Date "2018.04.17"]
[Round "4"]
[White "Auvinen, Esa"]
[Black "Vehkalahti, Veli"]
[Result "0-1"]
[ECO "B07"]
[WhiteElo "1888"]
[BlackElo "1880"]
[Annotator "NA"]
[PlyCount "55"]
[EventDate "2018.??.??"]
[EventCountry "POL"]
[SourceTitle "playchess.com"]
[Source "ChessBase"]
[SourceQuality "1"]
[WhiteTeam "FIN"]
[BlackTeam "FIN"]
[WhiteTeamCountry "FIN"]
[BlackTeamCountry "FIN"]
[TimeControl "40/5400+30:1800+30"]

1. e4 d6 2. d4 Nf6 3. Nc3 Nbd7 4. Nf3 e5 5. dxe5 dxe5 6. Bc4 Be7 7. O-O O-O 8. Bg5 {[%emt 0:02:24] C41: Philidor Defence} c6 9. Bb3 (9. a4 Qc7 10. Nh4 Nb6 11. Bb3 Bg4 12. Qc1 a5 13. h3 Be6 14. Nf5 Bxf5 15. exf5 Nbd7 16. Qe3 Rae8 17. Rad1 Kh8 {½-½ (30) Mohammad,M (2417)-Rahman,Z (2508) Dhaka 2016}) 9... Qc7 10. Re1 Nc5 11. Bc4 Bg4 $146 ({Find the theoretical novelty and annotate with similar games:} 11... b5 12. Bd3 Bg4 13. h3 Bh5 14. g4 Bg6 15. Nh4 {½-½ (51) Bagdasarian,S (1870)-Voshchenko,Y Anapa 2010}) 12. Re3 b5 13. Bf1 b4 14. Bxf6 Bxf6 15. Nb1 Bg5 16. Re1 Rad8 17. Qe2 Ne6 18. Qc4 Bxf3 19. gxf3 Nd4 20. Bg2 Rd6 21. c3 Nc2 22. Qe2 Nxe1 23. Qxe1 Rfd8 24. Bf1 Rd1 25. Qe2 bxc3 26. bxc3 Qd6 $19 27. Qb2 Qg6 28. Kh1 0-1

[Event "ESTCC U65 2018"]
[Site "Walbrzych"]
[Date "2018.04.17"]
[Round "4"]
[White "Fernengel, Rudolf"]
[Black "Meskanen, Vesa"]
[Result "1/2-1/2"]
[ECO "D86"]
[WhiteElo "1789"]
[BlackElo "2066"]
[Annotator "NA"]
[PlyCount "116"]
[EventDate "2018.??.??"]
[EventCountry "POL"]
[SourceTitle "playchess.com"]
[Source "ChessBase"]
[SourceQuality "1"]
[WhiteTeam "Germany"]
[BlackTeam "Finland"]
[WhiteTeamCountry "GER"]
[BlackTeamCountry "FIN"]
[TimeControl "40/5400+30:1800+30"]

1. d4 Nf6 2. c4 g6 3. Nc3 d5 4. cxd5 Nxd5 5. e4 Nxc3 6. bxc3 Bg7 7. Bc4 c5 8. Ne2 O-O 9. O-O $11 Nc6 10. Be3 Bg4 11. f3 cxd4 12. cxd4 Na5 13. Bxf7+ Rxf7 14. fxg4 Rxf1+ 15. Kxf1 Qd7 16. h3 Rd8 17. Rc1 b5 18. g5 Nc4 19. Bf2 h6 20. a4 hxg5 21. axb5 Qxb5 22. Kg1 Nd6 23. e5 Nf5 24. Qc2 e6 25. g4 Ne7 26. Qc7 Rd7 27. Qc4 Qxc4 28. Rxc4 Nd5 29. Ng3 Bf8 30. Ne4 Be7 31. Kg2 Rc7 32. Rxc7 Nxc7 33. Be3 Nb5 34. Nc5 Kf7 35. Kf3 Nc3 36. Bd2 Bxc5 37. dxc5 Nb5 38. Ke4 Nc7 39. Bxg5 a5 40. Bd8 Na6 41. Kd4 a4 42. Bb6 a3 43. Kc3 Nb4 44. Kb3 a2 45. Kb2 g5 46. Ka1 Ke8 47. Ba5 Nd3 48. Kxa2 Nxc5 49. Bd2 Nd3 50. Bxg5 Nf2 51. Bf6 Nxh3 52. Kb3 Nf2 53. g5 Kf7 54. Kc4 Kg6 55. Kc5 Kf5 56. Kd6 Ng4 57. Ke7 Nxe5 58. Bxe5 Kxg5 1/2-1/2

[Event "ESTCC U65 2018"]
[Site "Walbrzych"]
[Date "2018.04.17"]
[Round "4"]
[White "Andersson, Finn"]
[Black "Rintakoski, Pentti"]
[Result "1/2-1/2"]
[ECO "B33"]
[WhiteElo "1719"]
[BlackElo "1797"]
[Annotator "NA"]
[PlyCount "44"]
[EventDate "2018.??.??"]
[EventCountry "POL"]
[SourceTitle "playchess.com"]
[Source "ChessBase"]
[SourceQuality "1"]
[WhiteTeam "Denmark"]
[BlackTeam "Finland"]
[WhiteTeamCountry "DEN"]
[BlackTeamCountry "FIN"]
[TimeControl "40/5400+30:1800+30"]

1. e4 c5 2. Nf3 Nc6 3. d4 cxd4 4. Nxd4 Nf6 5. Nc3 e6 6. a3 a6 7. Nxc6 bxc6 8. Be2 Be7 9. O-O O-O 10. e5 Nd5 11. Ne4 Qc7 12. c4 Nb6 13. Bf4 Bb7 14. Bd3 c5 15. Qc2 h6 16. Bg3 Qc6 17. f4 Rad8 18. Rae1 d6 19. exd6 Bxd6 20. Re3 Be7 21. f5 Nd7 22. fxe6 fxe6 1/2-1/2

[Event "ESTCC U65 2018"]
[Site "Walbrzych"]
[Date "2018.04.18"]
[Round "5"]
[White "Buchal, Stephan"]
[Black "Kolbak, Jens"]
[Result "1-0"]
[ECO "A15"]
[WhiteElo "2310"]
[BlackElo "2213"]
[Annotator "NA"]
[PlyCount "93"]
[EventDate "2018.??.??"]
[EventCountry "POL"]
[SourceTitle "playchess.com"]
[Source "ChessBase"]
[SourceQuality "1"]
[WhiteTeam "Germany"]
[BlackTeam "Denmark"]
[WhiteTeamCountry "GER"]
[BlackTeamCountry "DEN"]
[TimeControl "40/5400+30:1800+30"]

1. c4 Nf6 2. g3 g6 3. Bg2 Bg7 4. Nc3 c5 5. Nf3 O-O 6. O-O {[%emt 0:01:19] LiveBook: 1023 Games} d5 7. cxd5 Nxd5 8. Nxd5 Qxd5 9. d3 Nc6 10. Be3 Qd6 11. Rc1 Nd4 12. Nxd4 cxd4 13. Bd2 Bg4 14. Qb3 Rab8 15. Rc2 Qa6 $14 16. Bb4 Rfe8 17. Rfc1 Bh6 18. Re1 Bd7 19. Rc7 Be6 20. Bd5 Bxd5 21. Qxd5 Red8 22. Qb3 e6 23. f4 Qb5 24. Rc5 Qd7 25. Rec1 Rbc8 26. Rxc8 Rxc8 27. Rxc8+ Qxc8 28. Qc4 Qd7 29. Bc5 Bg7 30. Bxa7 e5 31. Bb8 exf4 32. Bxf4 h6 33. a4 g5 34. Bc1 Qg4 35. Qc2 Be5 36. Qd1 f5 37. Qb3+ Kh8 38. Qe6 Qxe2 39. Qxh6+ Kg8 40. Qxg5+ Bg7 41. Qd2 Qf3 42. Qc2 Be5 43. b4 Kf7 44. a5 Bxg3 45. Qc4+ Kf6 46. hxg3 Qxg3+ 47. Kf1 1-0

[Event "ESTCC U65 2018"]
[Site "Walbrzych"]
[Date "2018.04.18"]
[Round "5"]
[White "Kierzek, Matthias"]
[Black "Mortensen, Steen Juul"]
[Result "1-0"]
[ECO "E73"]
[WhiteElo "2272"]
[BlackElo "1940"]
[Annotator "NA"]
[PlyCount "91"]
[EventDate "2018.??.??"]
[EventCountry "POL"]
[SourceTitle "playchess.com"]
[Source "ChessBase"]
[SourceQuality "1"]
[WhiteTeam "Germany"]
[BlackTeam "Denmark"]
[WhiteTeamCountry "GER"]
[BlackTeamCountry "DEN"]
[TimeControl "40/5400+30:1800+30"]

1. d4 Nf6 2. c4 g6 3. Nc3 Bg7 4. e4 d6 5. Be2 O-O 6. Bg5 h6 7. Be3 c5 8. d5 a6 9. a4 Qa5 {[%emt 0:03:04] E74: King's Indian: Averbakh Variation: 6...c5} (9... e6 10. Nf3 exd5 11. cxd5 Bg4 12. Nd2 Bxe2 13. Qxe2 Re8 14. O-O Nbd7 15. h3 Nh5 16. a5 Rb8 17. Ra4 {½-½ (73) Topalov,V (2777)-Radjabov,T (2744) Bilbao 2008}) 10. Bd2 {[%emt 0:01:08] LiveBook: 14 Games} Qc7 11. Nf3 e6 12. O-O exd5 13. exd5 Bg4 14. h3 Bxf3 15. Bxf3 Nbd7 16. Qc2 Rfe8 $146 ({Find the theoretical novelty and annotate with similar games:} 16... Rae8 17. Rae1 Rxe1 18. Rxe1 {½-½ (78) Lazarev,V (2497)-Marholev,D (2418) Lyon 2006}) 17. Rfe1 Rxe1+ 18. Rxe1 Re8 19. Rxe8+ Nxe8 20. Ne4 Ne5 21. Be2 f5 22. Nc3 Qe7 23. Qb3 Qc7 24. a5 Nf6 25. Na4 Ne4 $11 26. Be1 Kf7 27. Kf1 Nd7 28. Qe3 Nf8 29. g4 Kg8 30. gxf5 gxf5 31. f3 Ng5 32. h4 Bd4 33. Qf4 Be5 34. Qxf5 Ngh7 35. b3 Qg7 36. Nb6 Qf7 37. Bd3 Nf6 38. Bf2 N8d7 39. Nxd7 Nxd7 40. Qxf7+ Kxf7 41. Bf5 Ke7 42. h5 Kd8 43. Bxd7 Kxd7 44. Be3 Bg7 45. Bf4 Ke7 46. Ke2 1-0

[Event "ESTCC U65 2018"]
[Site "Walbrzych"]
[Date "2018.04.18"]
[Round "5"]
[White "Hurme, Harri"]
[Black "Scrimgour, Alan"]
[Result "1-0"]
[ECO "E32"]
[WhiteElo "2229"]
[BlackElo "2083"]
[Annotator "NA"]
[PlyCount "65"]
[EventDate "2018.??.??"]
[EventCountry "POL"]
[SourceTitle "playchess.com"]
[Source "ChessBase"]
[SourceQuality "1"]
[WhiteTeam "Finland"]
[BlackTeam "Scotland"]
[WhiteTeamCountry "FIN"]
[BlackTeamCountry "SCO"]
[TimeControl "40/5400+30:1800+30"]

1. d4 Nf6 2. c4 e6 3. Nc3 Bb4 4. Qc2 O-O 5. Nf3 b6 6. e4 d5 7. e5 Ne4 8. Bd3 Bb7 9. O-O Bxc3 10. bxc3 {[%emt 0:00:17] LiveBook: 35 Games} f5 {[%emt 0:04:44] E32: Nimzo-Indian: Classical (4 Qc2): 4...0-0} (10... c5 11. cxd5 exd5 12. Nd2 cxd4 13. Nxe4 dxe4 14. Bxe4 Nc6 15. Bxh7+ Kh8 16. Be4 Qd7 17. Qd1 Kg8 18. cxd4 Rad8 19. Qh5 g6 {1-0 (49) Narciso Dublan,M (2466)-Garcia Ramos,D (2321) Barcelona 2018}) 11. exf6 gxf6 12. cxd5 exd5 13. Re1 $146 ({Predecessor:} 13. c4 Qd7 14. Re1 Nd6 15. Bh6 Rf7 {½-½ (24) Wunnink,M (2253)-Gulbas,C (2364) Belgium 2015}) 13... Nd7 14. Nd2 f5 15. f3 Qh4 16. Re2 Nd6 17. Ba3 c5 18. Rae1 $18 Rae8 19. Rxe8 Nxe8 20. g3 Qh5 21. Qa4 Nef6 22. Qxa7 Re8 23. Rxe8+ Qxe8 24. Kf2 f4 25. Nf1 c4 26. Bf5 Bc6 27. Bc1 fxg3+ 28. hxg3 Qh5 29. Be6+ Kg7 30. Bf4 Ne4+ 31. fxe4 dxe4 32. Bxd7 e3+ 33. Ke1 1-0

[Event "ESTCC U65 2018"]
[Site "Walbrzych"]
[Date "2018.04.18"]
[Round "5"]
[White "Baumbach, Friedrich"]
[Black "Heikkila, Raine"]
[Result "1-0"]
[ECO "D35"]
[WhiteElo "2172"]
[BlackElo "1705"]
[Annotator "NA"]
[PlyCount "155"]
[EventDate "2018.??.??"]
[EventCountry "POL"]
[SourceTitle "playchess.com"]
[Source "ChessBase"]
[SourceQuality "1"]
[WhiteTeam "Germany"]
[BlackTeam "Finland"]
[WhiteTeamCountry "GER"]
[BlackTeamCountry "FIN"]
[TimeControl "40/5400+30:1800+30"]

1. d4 d5 2. c4 e6 3. Nc3 Nf6 4. cxd5 exd5 5. Bg5 Be7 6. e3 a6 {[%emt 0:00:13] D35: Queen's Gambit Declined: Exchange Variation} (6... c6 7. Qc2 Nbd7 8. Nf3 h6 9. Bf4 Nh5 10. O-O-O Nxf4 11. exf4 g5 12. Bd3 gxf4 13. Rhe1 Kf8 14. Bf5 Bb4 15. a3 Bxc3 16. Qxc3 Nb6 17. g4 Bxf5 {1-0 (29) Rapport,R (2692)-Hammer,J (2629) Palma de Mallorca 2017}) 7. Bd3 h6 8. Bh4 Nc6 9. Nf3 Bg4 10. h3 $146 ({Predecessor:} 10. Be2 Qd7 11. Bxf6 Bxf6 12. Qb3 O-O-O 13. Na4 Na5 14. Qb4 Nc6 {1-0 (29) Drayton,D (1633)-Adeniji,A (1723) Port of Spain 2015}) 10... Be6 11. O-O Nh7 12. Bg3 Qd7 13. Rc1 Ng5 14. Ne5 Nxe5 15. dxe5 c5 16. f4 c4 17. Bc2 Nxh3+ 18. gxh3 Bxh3 19. Rf2 Bg4 20. Qxd5 Be6 21. Qxd7+ Bxd7 22. Nd5 Bd8 23. Be4 Rc8 24. Rd2 b5 25. Kf2 h5 26. f5 Ba5 27. Rdc2 Bc6 28. Nc3 Bxc3 29. Bxc6+ Rxc6 30. Rxc3 g5 31. Kf3 g4+ $18 32. Kf4 h4 33. Rh1 Rch6 34. Be1 g3 35. Bxg3 hxg3 36. Rxh6 Rxh6 37. Kxg3 Rh1 38. b3 cxb3 39. Rxb3 Rc1 40. a4 Rc5 41. axb5 axb5 42. Kf4 Kd7 43. Rd3+ Ke8 44. Ra3 Rc8 45. Rb3 Rb8 46. Rb4 Ke7 47. Ke4 f6 48. e6 Kd6 49. Kd4 Kc6 50. Rb1 Rd8+ 51. Kc3 Kc5 52. Rb4 Rb8 53. Rh4 Ra8 54. Kb3 Rd8 55. Rd4 Ra8 56. Rd7 b4 57. Rd3 Ra7 58. e4 Ra3+ 59. Kc2 Ra2+ 60. Kb1 Ra8 61. e5 Kc4 62. Rd1 b3 63. exf6 Kc3 64. Rc1+ Kd2 65. Rc7 Ra5 66. e7 Rxf5 67. e8=Q Rf1+ 68. Kb2 Rxf6 69. Qd8+ Ke3 70. Qxf6 Ke4 71. Re7+ Kd5 72. Qf1 Kd6 73. Re3 Kc5 74. Qd1 Kb5 75. Rc3 Ka4 76. Qxb3+ Ka5 77. Rc8 Ka6 78. Ra8# 1-0

[Event "ESTCC U65 2018"]
[Site "Walbrzych"]
[Date "2018.04.18"]
[Round "5"]
[White "Sorensen, Bent"]
[Black "Vucenovic, Dragomir"]
[Result "1-0"]
[ECO "A07"]
[WhiteElo "2158"]
[BlackElo "2248"]
[Annotator "NA"]
[PlyCount "73"]
[EventDate "2018.??.??"]
[EventCountry "POL"]
[SourceTitle "playchess.com"]
[Source "ChessBase"]
[SourceQuality "1"]
[WhiteTeam "Denmark"]
[BlackTeam "Switzerland"]
[WhiteTeamCountry "DEN"]
[BlackTeamCountry "SUI"]
[TimeControl "40/5400+30:1800+30"]

1. Nf3 d5 2. g3 Nf6 3. Bg2 c6 4. O-O Bg4 {[%emt 0:00:33] LiveBook: 3768 Games} 5. b3 e6 6. Bb2 Nbd7 7. d3 Be7 8. Nbd2 {[%emt 0:00:22] A07: Réti Opening: New York and Capablanca Systems} Qc7 (8... O-O 9. h3 Bh5 10. e4 a5 11. a3 Ne8 12. Qe2 Nc7 13. Kh1 Re8 14. e5 c5 15. g4 Bg6 16. Nh2 f5 17. f4 a4 18. c4 Nb6 19. cxd5 Ncxd5 {0-1 (90) Onischuk,V (2594)-Andriasian,Z (2611) Dubai 2014}) 9. e4 dxe4 10. dxe4 Bxf3 11. Qxf3 e5 12. Nc4 b5 13. Ne3 O-O $146 ({Predecessor:} 13... g6 14. a4 b4 15. Nc4 O-O {1-0 (36) Thiede,L (2446)-Tabernig,B (2383) Austria 2014}) 14. Rac1 Rfe8 15. c4 b4 16. Rfd1 Rad8 17. Nf5 Nc5 18. Qe3 Bf8 (18... g6 $11 {remains equal.}) 19. Nxg7 Kxg7 20. Qg5+ Kh8 21. Qxf6+ Bg7 22. Qf3 Ne6 23. Bh3 Nd4 24. Bxd4 Rxd4 25. Rxd4 exd4 $18 26. Rd1 c5 27. Bf5 Rd8 28. Qh5 h6 29. Rd3 Qe7 30. f4 Rd6 31. e5 Ra6 32. Rd2 Kg8 33. Re2 Rb6 34. Bd3 Rb8 35. Qf5 f6 36. exf6 Qxf6 37. Qxc5 1-0

[Event "ESTCC U65 2018"]
[Site "Walbrzych"]
[Date "2018.04.18"]
[Round "5"]
[White "Holst, Per"]
[Black "Staechelin, Ruedi"]
[Result "0-1"]
[ECO "D11"]
[WhiteElo "2140"]
[BlackElo "2091"]
[Annotator "NA"]
[PlyCount "106"]
[EventDate "2018.??.??"]
[EventCountry "POL"]
[SourceTitle "playchess.com"]
[Source "ChessBase"]
[SourceQuality "1"]
[WhiteTeam "Denmark"]
[BlackTeam "Switzerland"]
[WhiteTeamCountry "DEN"]
[BlackTeamCountry "SUI"]
[TimeControl "40/5400+30:1800+30"]

1. d4 d5 2. c4 c6 3. Nf3 Nf6 4. Qb3 e6 5. g3 Bd6 6. Bg2 Nbd7 7. O-O O-O 8. Nc3 a6 {[%emt 0:04:04] D43: Semi-Slav: 5 Bg5 h6} 9. c5 $146 ({Predecessor:} 9. Rd1 b5 10. c5 Bc7 11. e4 h6 12. e5 Nh7 13. a4 Rb8 14. Ne2 f6 15. exf6 Qxf6 16. Bf4 Bxf4 17. Nxf4 {½-½ (62) Marin,M (2511)-Purnama,T (2286) Mallorca 2004}) 9... Bc7 10. Bf4 Re8 11. Qc2 e5 12. dxe5 Nxe5 13. Nd4 Ng6 14. Bxc7 Qxc7 15. b4 Bd7 16. Rad1 Rad8 17. Rfe1 Bc8 18. Nf5 Bxf5 19. Qxf5 Re5 $11 20. Qc2 Rde8 21. e3 Nf8 22. Qd3 Qc8 23. Ne2 g6 24. Nc3 Kg7 25. h3 R5e7 26. Ne2 Qb8 27. a4 Ne4 28. Rb1 Qe5 29. Nd4 f5 30. Nf3 Qf6 31. Qd4 Ne6 32. Qxf6+ Kxf6 33. Rec1 Rd8 34. Nd4 Nxd4 35. exd4 Nd2 36. Rb2 Nc4 37. Rbc2 Rde8 38. Bf1 Re1 39. Kg2 Rxc1 40. Rxc1 Nd2 41. b5 axb5 42. axb5 Nb3 43. Rb1 Nxd4 44. bxc6 bxc6 45. Rb6 Rc8 46. f4 Rc7 47. Ba6 Ke7 48. g4 fxg4 49. hxg4 Ne6 50. f5 gxf5 51. gxf5 Nxc5 52. f6+ Kf7 53. Be2 Nd7 0-1

[Event "ESTCC U65 2018"]
[Site "Walbrzych"]
[Date "2018.04.18"]
[Round "5"]
[White "Hammar, Bengt"]
[Black "Pushkov, Nikolai"]
[Result "1/2-1/2"]
[ECO "D38"]
[WhiteElo "2133"]
[BlackElo "2304"]
[Annotator "ChessBase"]
[PlyCount "39"]
[EventDate "2018.??.??"]
[EventCountry "POL"]
[SourceTitle "playchess.com"]
[Source "ChessBase"]
[SourceQuality "1"]
[WhiteTeam "Sweden"]
[BlackTeam "Russia"]
[WhiteTeamCountry "SWE"]
[BlackTeamCountry "RUS"]
[TimeControl "40/5400+30:1800+30"]

1. d4 Nf6 2. Nf3 e6 3. c4 d5 4. Nc3 Bb4 5. a3 Bxc3+ 6. bxc3 c5 7. e3 dxc4 8. Bxc4 O-O 9. O-O Nbd7 10. Bd3 Qc7 11. e4 e5 12. Bg5 Re8 13. Re1 exd4 14. cxd4 cxd4 15. Nxd4 Qc5 16. Nf3 Ng4 17. Qc2 Nge5 18. Nxe5 Qxc2 19. Bxc2 Nxe5 20. Rad1 1/2-1/2

[Event "ESTCC U65 2018"]
[Site "Walbrzych"]
[Date "2018.04.18"]
[Round "5"]
[White "Giulian, Philip M"]
[Black "Westerinen, Heikki M J"]
[Result "0-1"]
[ECO "E84"]
[WhiteElo "2124"]
[BlackElo "2308"]
[Annotator "NA"]
[PlyCount "106"]
[EventDate "2018.??.??"]
[EventCountry "POL"]
[SourceTitle "playchess.com"]
[Source "ChessBase"]
[SourceQuality "1"]
[WhiteTeam "Scotland"]
[BlackTeam "Finland"]
[WhiteTeamCountry "SCO"]
[BlackTeamCountry "FIN"]
[TimeControl "40/5400+30:1800+30"]

1. d4 Nf6 2. c4 g6 3. Nc3 Bg7 4. e4 d6 5. f3 O-O 6. Be3 Nc6 7. Nge2 Rb8 8. Qd2 a6 9. Rc1 Bd7 10. b3 b5 {[%emt 0:02:46] E84: King's Indian: Sämisch Panno: 7 Nge2 a6 8 Qd2 Rb8} 11. cxb5 {[%emt 0:01:25] LiveBook: 10 Games} axb5 12. d5 Ne5 13. Nd4 {[%emt 0:00:16] [#]} e6 $146 ({Predecessor:} 13... Qe8 14. a3 e6 15. Be2 exd5 16. exd5 b4 17. axb4 Rxb4 18. O-O {½-½ (40) Khairullin,I (2658)-Demchenko,A (2639) Ekaterinburg 2013}) 14. dxe6 fxe6 15. Bxb5 c5 16. Bxd7 Qxd7 17. Nde2 $11 c4 18. O-O cxb3 19. axb3 Rxb3 20. Qc2 Rbb8 21. Qa4 Rfc8 22. Rfd1 Nc4 23. Qxd7 Nxd7 24. Bd4 Nb2 25. Rd2 Bh6 26. f4 e5 27. Ba7 Rb7 28. Rb1 Rxa7 29. Rbxb2 Bxf4 30. Nxf4 Rxc3 31. Ne2 Rc6 32. Ng3 h5 33. h4 Nf6 34. Rb3 Kf7 35. Kf2 Ke6 36. Kf3 Rf7 37. Ke2 Rc4 38. Re3 Ra7 39. Kf3 Ng4 40. Red3 Rf7+ 41. Ke2 Rf2+ 42. Kd1 Rxd2+ 43. Kxd2 Ra4 44. Ke2 Nf6 45. Kf3 Ra2 46. Nf1 Nd7 47. g4 hxg4+ 48. Kxg4 Nf6+ 49. Kf3 Nh5 50. Rb3 Ra8 51. Nd2 Rf8+ 52. Kg4 Rf2 53. Rb2 Nf6+ 0-1

[Event "ESTCC U65 2018"]
[Site "Walbrzych"]
[Date "2018.04.18"]
[Round "5"]
[White "Hohler, Peter"]
[Black "Jorgensen, Brian Jorgen"]
[Result "1/2-1/2"]
[ECO "A04"]
[WhiteElo "2076"]
[BlackElo "2255"]
[Annotator "NA"]
[PlyCount "54"]
[EventDate "2018.??.??"]
[EventCountry "POL"]
[SourceTitle "playchess.com"]
[Source "ChessBase"]
[SourceQuality "1"]
[WhiteTeam "Switzerland"]
[BlackTeam "Denmark"]
[WhiteTeamCountry "SUI"]
[BlackTeamCountry "DEN"]
[TimeControl "40/5400+30:1800+30"]

1. Nf3 f5 2. d3 d5 3. c4 e6 4. cxd5 exd5 5. g3 Nf6 6. Bg2 Bd6 7. O-O O-O 8. Nc3 c6 9. e4 {[%emt 0:02:32] LiveBook: 15 Games} fxe4 10. dxe4 Bb4 11. exd5 Bxc3 12. bxc3 Qxd5 13. Nd4 Qf7 14. Ba3 Re8 15. Qb3 $16 a5 16. Rfe1 Rxe1+ 17. Rxe1 Qxb3 18. axb3 Na6 19. Bd6 Bd7 20. Re5 Re8 21. Kf1 Rxe5 22. Bxe5 Nc5 23. Ke2 a4 24. bxa4 Nxa4 25. Kd2 Ng4 26. Bc7 Nxf2 27. Nb3 Ng4 1/2-1/2

[Event "ESTCC U65 2018"]
[Site "Walbrzych"]
[Date "2018.04.18"]
[Round "5"]
[White "White, Alastair F"]
[Black "Vinke, Dietmar"]
[Result "0-1"]
[ECO "B15"]
[WhiteElo "2069"]
[BlackElo "2170"]
[Annotator "NA"]
[PlyCount "92"]
[EventDate "2018.??.??"]
[EventCountry "POL"]
[SourceTitle "playchess.com"]
[Source "ChessBase"]
[SourceQuality "1"]
[WhiteTeam "Scotland"]
[BlackTeam "Finland"]
[WhiteTeamCountry "SCO"]
[BlackTeamCountry "FIN"]
[TimeControl "40/5400+30:1800+30"]

1. e4 c6 2. Nc3 d5 3. d4 g6 4. f3 Bg7 5. Be3 e6 $14 6. Nge2 Nd7 7. Qd2 b6 8. Nf4 Bb7 9. Bd3 Ne7 10. O-O O-O 11. Qf2 c5 12. dxc5 Nxc5 13. exd5 Nxd3 14. cxd3 Nxd5 15. Ncxd5 Bxd5 16. Bd4 e5 17. Nxd5 Qxd5 18. Bc3 Qxd3 19. Rad1 Qc4 20. f4 exf4 21. Bxg7 Kxg7 22. Qxf4 Qxf4 23. Rxf4 Rfd8 24. Rfd4 Rxd4 25. Rxd4 Rc8 26. Rd2 Rc7 27. Kf2 Re7 28. Kf3 h5 29. h4 Re5 30. Rd7 Rf5+ 31. Ke3 a5 32. a4 Rc5 33. Kd3 b5 34. axb5 Rxb5 35. Kc3 Kf6 36. Rd4 Ke5 37. Rd7 f6 38. b3 Kf4 39. Rg7 g5 40. hxg5 fxg5 41. Rd7 Kg3 42. Rd2 g4 43. Kc4 Rf5 44. Ra2 h4 45. Kd4 Rf2 46. Rxa5 Kxg2 0-1

[Event "ESTCC U65 2018"]
[Site "Walbrzych"]
[Date "2018.04.18"]
[Round "5"]
[White "Meskanen, Vesa"]
[Black "Marks, Ian A"]
[Result "0-1"]
[ECO "A41"]
[WhiteElo "2066"]
[BlackElo "1895"]
[Annotator "NA"]
[PlyCount "60"]
[EventDate "2018.??.??"]
[EventCountry "POL"]
[SourceTitle "playchess.com"]
[Source "ChessBase"]
[SourceQuality "1"]
[WhiteTeam "Finland"]
[BlackTeam "Scotland"]
[WhiteTeamCountry "FIN"]
[BlackTeamCountry "SCO"]
[TimeControl "40/5400+30:1800+30"]

1. d4 d6 2. Nf3 Bg4 3. Qd3 c6 4. e4 Nd7 5. h3 Bh5 6. g4 Bg6 7. Nh4 e6 8. Nxg6 hxg6 9. Bg2 d5 10. Nd2 dxe4 11. Nxe4 Ngf6 12. Ng5 Bd6 13. O-O O-O 14. c4 Qc7 15. f4 Rad8 16. Be3 Rfe8 17. Rad1 c5 18. d5 exd5 $17 19. Nxf7 Kxf7 20. g5 d4 21. Bd2 Nb6 22. f5 Nh5 23. fxg6+ Kg8 24. a4 Bh2+ 25. Kh1 Ng3+ 26. Kxh2 Nxf1+ 27. Kg1 Qh2+ 28. Kxf1 Rf8+ 29. Bf3 Rxf3+ 30. Qxf3 Rf8 0-1

[Event "ESTCC U65 2018"]
[Site "Walbrzych"]
[Date "2018.04.18"]
[Round "5"]
[White "Lundgren, Ulf"]
[Black "Ruotanen, Helge"]
[Result "0-1"]
[ECO "B06"]
[WhiteElo "1989"]
[BlackElo "1921"]
[Annotator "NA"]
[PlyCount "92"]
[EventDate "2018.??.??"]
[EventCountry "POL"]
[SourceTitle "playchess.com"]
[Source "ChessBase"]
[SourceQuality "1"]
[WhiteTeam "Sweden"]
[BlackTeam "Finland"]
[WhiteTeamCountry "SWE"]
[BlackTeamCountry "FIN"]
[TimeControl "40/5400+30:1800+30"]

1. e4 g6 2. Nf3 Bg7 3. d4 d6 4. Bc4 Nf6 5. Qe2 O-O 6. O-O Bg4 {[%emt 0:04:30] LiveBook: 103 Games} 7. h3 Bxf3 8. Qxf3 Nc6 {[%emt 0:00:09] B06: Modern Defence} 9. c3 h6 (9... e5 10. Rd1 Nd7 11. Be3 Qe7 12. Na3 Nb6 13. Bb5 f5 14. Bxc6 bxc6 15. exf5 e4 16. f6 Rxf6 {0-1 (61) Bacrot,E (2718)-Ponomariov,R (2714) Beijing 2014}) 10. Na3 $146 ({Find the theoretical novelty and annotate with similar games:} 10. Be3 e6 11. Nd2 Ne7 12. Bb3 d5 13. e5 Nh7 14. g4 g5 15. Qg3 Ng6 16. Bc2 {0-1 (47) Moreno Giron,V-Barber Dura,R Aragon 1996}) 10... e5 11. d5 Ne7 12. Rd1 Nh7 13. b4 f5 14. Bb3 f4 15. c4 g5 16. c5 Nf6 17. Nc4 h5 18. Nxe5 dxe5 19. d6+ Kh8 20. dxe7 Qxe7 21. Bb2 g4 22. hxg4 hxg4 23. Qe2 Kh7 24. g3 f3 $11 25. Qe3 Kg6 26. Bc1 Nh5 27. Rd7 Qf6 28. Bb2 Bh6 29. Qc3 Rae8 30. Rad1 Nf4 31. Kf1 Ne2 32. Qc4 Bd2 33. R1xd2 Qh8 34. R2d6+ cxd6 35. Rxd6+ Rf6 36. Qf7+ Kg5 37. Qxf6+ Qxf6 38. Rxf6 Kxf6 39. Bd5 Rh8 40. Ke1 Rh1+ 41. Kd2 Nxg3 42. Bxb7 Nf1+ 43. Kd3 g3 44. fxg3 Rh2 45. Bc3 f2 46. c6 Nxg3 0-1

[Event "ESTCC U65 2018"]
[Site "Walbrzych"]
[Date "2018.04.18"]
[Round "5"]
[White "Lehtosaari, Kalevi"]
[Black "Wademark, Helge"]
[Result "1/2-1/2"]
[ECO "A11"]
[WhiteElo "1964"]
[BlackElo "2005"]
[Annotator "NA"]
[PlyCount "68"]
[EventDate "2018.??.??"]
[EventCountry "POL"]
[SourceTitle "playchess.com"]
[Source "ChessBase"]
[SourceQuality "1"]
[WhiteTeam "Finland"]
[BlackTeam "Sweden"]
[WhiteTeamCountry "FIN"]
[BlackTeamCountry "SWE"]
[TimeControl "40/5400+30:1800+30"]

1. c4 c6 2. Nc3 Nf6 3. e4 e5 4. Nf3 d6 5. d4 Qc7 6. Be2 Bg4 7. O-O Be7 8. Be3 Nbd7 9. Rc1 $14 O-O 10. b4 d5 11. exd5 Bxb4 12. dxc6 bxc6 13. Ng5 Bf5 14. Bd3 Bxd3 15. Qxd3 h6 16. Nge4 Nxe4 17. Nxe4 f5 18. c5 fxe4 19. Qc4+ Kh8 20. Qxb4 Nf6 21. Qd2 Rad8 22. Rfd1 exd4 23. Bxd4 Ng4 24. g3 Rxf2 25. Bxg7+ Kxg7 26. Qxd8 Qxd8 27. Rxd8 Rxa2 28. Rd7+ Kg6 29. Re1 Nxh2 30. Rxe4 Nf3+ 31. Kf1 Nd2+ 32. Rxd2 Rxd2 33. Re6+ Kg5 34. Rxc6 Rc2 1/2-1/2

[Event "ESTCC U65 2018"]
[Site "Walbrzych"]
[Date "2018.04.18"]
[Round "5"]
[White "Jorgensen, Arne Bjorn"]
[Black "Baum, Bernd"]
[Result "0-1"]
[ECO "D02"]
[WhiteElo "1956"]
[BlackElo "2290"]
[Annotator "NA"]
[PlyCount "58"]
[EventDate "2018.??.??"]
[EventCountry "POL"]
[SourceTitle "playchess.com"]
[Source "ChessBase"]
[SourceQuality "1"]
[WhiteTeam "Denmark"]
[BlackTeam "Germany"]
[WhiteTeamCountry "DEN"]
[BlackTeamCountry "GER"]
[TimeControl "40/5400+30:1800+30"]

1. d4 d5 2. Nf3 Nf6 3. Bf4 c5 4. e3 Nc6 5. c3 Qb6 6. Qb3 c4 7. Qxb6 axb6 8. Nbd2 b5 9. a3 {[%emt 0:01:10] D02: 1 d4 d5 2 Nf3 sidelines, including 2...Nf6 3 g3 and 2...Nf6 3 Bf4} b4 {[%emt 0:03:39] LiveBook: 15 Games} 10. cxb4 Nxb4 11. Rc1 Nc6 12. Ne5 e6 13. Be2 Be7 14. O-O O-O 15. h3 $146 ({Find the theoretical novelty and annotate with similar games:} 15. g4 Nd7 16. Bg3 Ndxe5 17. dxe5 {½-½ (34) Milovic,J (2382)-Blagojevic,D (2510) Cetinje 2012}) 15... Nxe5 16. Bxe5 b5 17. Ra1 Bb7 18. Bxf6 gxf6 19. Rfc1 Rfc8 20. Nf3 $17 Bc6 21. Ne1 b4 22. axb4 Bxb4 23. Nc2 Bd6 24. Bd1 Ba4 25. Na3 Bxd1 26. Rxd1 c3 27. Nc2 Rxa1 28. Nxa1 cxb2 29. Nb3 Rc3 0-1